Map: [ESL] Royal Blood

Players

Bly - Winner!

  • Race: Zerg Zerg
  • Spawn Location: 1:00

Hellraiser

  • Race: Protoss Protoss
  • Spawn Location: 7:00

Event: ESL SC2 Masters 2023 Summer (Regionals)

VOD

Have the link to the VOD?

Description

Time

  • Played on: May 13, 2023, 12:42 p.m.
  • Length: 12:02

All games in this series

Show
View Real Time Build Order
Export as new Build Order

Bly Zerg - Winner!

Build Orders: 3 Hatch before Pool 

Get SALT Encoding   

  12  0:00  Drone  
  13  0:12  Overlord  
  13  0:16  Drone  
  14  0:30  Drone x2  
  16  0:48  Hatchery  
  15  0:52  Drone  
  15  0:55  Drone  
  17  1:17  Hatchery  
  16  1:20  Drone  
  17  1:31  Extractor  
  16  1:36  Spawning Pool  
  16  1:39  Drone  
  16  1:43  Drone  
  16  1:46  Evolution Chamber  
  17  1:53  Drone x2  
  20  2:05  Hatchery  
  19  2:11  Drone  
  19  2:12  Drone x2  
  22  2:23  Overlord  
  22  2:25  Evolution Chamber  
  22  2:27  Queen x2  
  26  2:30  Zergling x2  
  26  2:33  Zergling x2  
  26  2:36  Metabolic Boost  
  29  2:42  Overlord  
  29  2:43  Zergling x2  
  30  2:52  Spore Crawler  
  30  2:57  Drone x3  
  32  3:03  Drone  
  33  3:14  Zergling x4  
  29  3:36  Drone x5  
  29  3:37  Drone x3  
  37  3:43  Overlord  
  37  3:44  Drone x3  
  40  3:52  Hatchery  
  39  3:59  Drone x2  
  41  4:03  Queen  
  43  4:12  Drone x3  
  43  4:13  Drone x2  
  48  4:19  Zergling x6  
  51  4:33  Drone  
  51  4:34  Overlord x2  
  51  4:36  Overlord  
  52  4:47  Overlord  
  52  4:51  Overlord, Queen  
  54  4:52  Lair  
  54  4:57  Drone x4  
  58  5:01  Spore Crawler  
  58  5:02  Spore Crawler  
  58  5:03  Drone x4  
  60  5:07  Queen  
  60  5:12  Drone x2  
  64  5:17  Drone x2  
  66  5:24  Drone x3  
  69  5:29  Overlord  
  69  5:31  Overlord, Roach Warren  
  69  5:33  Overlord  
  69  5:35  Drone  
  68  5:39  Overlord  
  68  5:42  Zergling x4  
  70  5:45  Zergling x2  
  70  5:46  Zergling x4  
  73  6:00  Drone  
  73  6:01  Extractor x2, Drone x5  
  73  6:02  Extractor  
  73  6:03  Extractor x2  
  72  6:05  Drone  
  72  6:06  Drone x5  
  76  6:13  Roach  
  78  6:19  Roach x5  
  78  6:21  Evolution Chamber  
  84  6:31  Roach x3  
  88  6:44  Roach x4  
  78  6:56  Drone  
  78  6:57  Drone x6  
  79  7:02  Drone  
  79  7:03  Drone x4  
  81  7:09  Evolution Chamber  
  81  7:13  Evolution Chamber  
  79  7:20  Drone x7  
  79  7:21  Drone, Glial Reconstitution  
  85  7:32  Drone x3  
  85  7:37  Drone x5  
  85  7:43  Burrow  
  87  7:44  Drone x7  
  94  7:53  Overlord  
  94  7:54  Spore Crawler  
  93  7:59  Overlord  
  93  8:07  Drone  
  93  8:08  Drone x6  
  93  8:12  Extractor  
  99  8:14  Drone  
  99  8:15  Drone x5  
  105  8:23  Overlord  
  105  8:29  Spire  
  105  8:33  Roach  
  105  8:34  Roach x2  
  110  8:40  Tunneling Claws  
  110  8:43  Roach x4  
  110  8:44  Hatchery  
  117  8:51  Roach x4  
  109  8:56  Roach x8  
  109  8:57  Roach x4  
  123  9:05  Roach x3  
  123  9:07  Roach x3  
  123  9:08  Overlord x3  
  129  9:17  Roach, Overlord x3  
  127  9:30  Roach x5  
  131  9:37  Roach x4  
  127  9:43  Roach x3  
  127  9:45  Roach x3  
  130  9:55  Roach  
  130  9:56  Roach x2  
  130  9:59  Roach  
  118  10:16  Mutalisk x9  
  136  10:30  Zergling x12  
  140  10:41  Roach x6  
  140  10:42  Ravager x4  
  156  10:50  Roach x3  
  156  10:51  Roach x3  
  156  10:59  Drone  
  156  11:00  Drone x3  
  152  11:06  Roach x7  
  152  11:07  Roach x7  
  152  11:09  Ravager x3  
  171  11:14  Roach x3  
  171  11:18  Roach, Roach Warren  
  166  11:19  Roach x2  
  166  11:20  Roach x2  
  166  11:21  Roach  
  154  11:29  Roach x6  
  150  11:36  Roach x3  
Show
View Real Time Build Order
Export as new Build Order

Hellraiser Protoss 

Build Orders:  

Get SALT Encoding   

  12  0:00  Probe  
  13  0:12  Probe  
  14  0:19  Pylon  
  14  0:24  Probe  
  15  0:38  Probe (Chrono Boost), Gateway  
  16  0:46  Probe (Chrono Boost)  
  16  0:47  Assimilator  
  17  0:52  Probe  
  18  1:04  Probe  
  19  1:16  Probe  
  20  1:28  Cybernetics Core, Probe  
  21  1:40  Probe  
  21  1:42  Pylon  
  22  1:52  Probe  
  23  2:03  Adept (Chrono Boost)  
  25  2:09  Probe, Warp Gate  
  25  2:14  Assimilator  
  26  2:21  Probe  
  27  2:23  Adept (Chrono Boost)  
  30  2:40  Nexus  
  29  2:46  Adept  
  31  2:56  Pylon  
  31  3:06  Gateway  
  31  3:13  Stargate  
  31  3:16  Probe  
  32  3:31  Probe (Chrono Boost)  
  30  3:43  Probe (Chrono Boost)  
  30  3:49  Probe (Chrono Boost)  
  30  3:52  Probe (Chrono Boost)  
  32  3:57  Adept  
  32  4:00  Adept  
  32  4:02  Probe x2 (Chrono Boost)  
  42  4:03  Void Ray (Chrono Boost)  
  42  4:09  Probe x2  
  44  4:21  Probe x2, Adept x2  
  50  4:32  Oracle (Chrono Boost)  
  50  4:37  Pylon  
  53  4:40  Probe  
  54  4:47  Nexus  
  54  4:51  Pylon  
  54  4:56  Twilight Council  
  54  4:58  Probe  
  54  4:59  Probe  
  56  5:06  Oracle (Chrono Boost)  
  59  5:10  Gateway  
  59  5:12  Probe  
  59  5:14  Probe  
  61  5:20  Adept x2  
  65  5:24  Probe  
  65  5:27  Pylon, Resonating Glaives (Chrono Boost)  
  66  5:32  Probe  
  67  5:36  Probe  
  68  5:43  Adept  
  68  5:45  Probe, Adept  
  68  5:48  Probe, Assimilator  
  74  5:51  Pylon  
  74  5:57  Probe  
  74  5:59  Probe  
  74  6:01  Probe  
  77  6:07  Adept x3  
  77  6:09  Probe  
  84  6:11  Probe  
  84  6:13  Probe  
  86  6:19  Robotics Facility  
  86  6:21  Probe  
  86  6:23  Probe  
  86  6:25  Probe  
  89  6:33  Probe  
  89  6:35  Probe, Gateway  
  89  6:36  Gateway  
  89  6:37  Probe, Adept x2  
  89  6:38  Gateway  
  96  6:41  Adept  
  96  6:45  Probe  
  82  6:55  Probe (Chrono Boost)  
  82  7:00  Probe (Chrono Boost)  
  82  7:01  Adept x3  
  77  7:03  Probe (Chrono Boost)  
  77  7:08  Immortal (Chrono Boost)  
  83  7:12  Probe (Chrono Boost)  
  83  7:13  Probe (Chrono Boost)  
  83  7:15  Probe (Chrono Boost)  
  85  7:17  Probe (Chrono Boost)  
  85  7:19  Probe (Chrono Boost)  
  85  7:21  Probe  
  84  7:26  Probe  
  85  7:31  Probe  
  85  7:32  Stalker x3  
  85  7:33  Probe  
  91  7:43  Probe x2  
  91  7:44  Warp Prism (Chrono Boost)  
  87  7:45  Probe  
  87  7:48  Blink (Chrono Boost)  
  90  7:51  Gateway  
  90  7:52  Gateway  
  90  7:55  Pylon  
  90  8:00  Stalker  
  92  8:06  Pylon x2  
  92  8:15  Stalker x4, Assimilator  
  92  8:16  Pylon  
  100  8:25  Observer (Chrono Boost)  
  100  8:26  Stalker x2  
  106  8:33  Pylon  
  105  8:35  Pylon, Shield Battery  
  105  8:38  Stalker x2  
  109  8:46  Probe  
  108  8:50  Stalker x2  
  104  8:56  Probe  
  104  8:57  Probe  
  104  9:01  Stalker x2  
  107  9:06  Probe  
  107  9:09  Probe  
  108  9:11  Probe  
  108  9:15  Observer (Chrono Boost)  
  106  9:17  Zealot x3  
  106  9:18  Probe  
  106  9:21  Probe  
  106  9:23  Probe  
  112  9:29  Stalker x3  
  112  9:31  Probe  
  116  9:34  Probe  
  116  9:35  Stalker  
  108  9:41  Stalker  
  108  9:43  Zealot x3  
  108  9:45  Probe  
  109  9:46  Probe  
  109  9:50  Probe  
  111  9:57  Probe  
  111  9:58  Probe  
  109  10:02  Stalker x3  
  111  10:08  Probe  
  112  10:16  Stalker x2  
  112  10:17  Zealot  
  118  10:26  Nexus  
  118  10:34  Observer  
  118  10:35  Stalker x2  
  123  10:38  Pylon  
  123  10:39  Forge  
  123  10:42  Stalker  
  125  10:47  Probe  
  126  11:05  Stalker x4  
  126  11:06  Zealot x4  
  102  11:28  Stalker  
  102  11:29  Stalker x3  
  102  11:30  Probe x2  
  86  11:34  Probe  
  73  11:45  Probe  
  61  11:47  Probe  
  61  11:52  Zealot x3, Stalker  
Tags
 
Add a new tag
Caveats
  • Supply blocks, unpowered buildings, or Contaminate may cause inaccurate times.
  • Supply counts are checked every 10 seconds.